 Dungeon Crawl Stone Soup version 0.32-a0-314-g526f7d4993 (webtiles) character file.

Game seed: 16974858867051866331

39872 Ceno the Martial Artist (level 14, -2/148 (153) HPs)
             Began as an Octopode Shapeshifter on Feb 15, 2024.
             Was an Initiate of Gozag.
             Slain by a soul eater (4 damage)
             ... summoned by an orc sorcerer
             ... led by an orc high priest
             ... on level 1 of the Orcish Mines on Feb 16, 2024.
             The game lasted 01:04:52 (24001 turns).

Ceno the Martial Artist (Octopode Shapeshifter)    Turns: 24001, Time: 01:04:53

HP:   -2/148 (153)  AC: 27    Str: 18    XL:     14   Next: 8%
MP:   19/19         EV:  2    Int: 21    God:    Gozag
Gold: 501           SH:  5    Dex: 16    Spells: 15/19 levels left

rFire   + . .        a - +3 dagger (protect)
rCold   + . .        (no shield)
rNeg    . . .        (helmet currently unavailable)
rPois   +            K - amulet "Ziopoeh" {Reflect Str+4 Int+3 Slay+2 SH+5}
rElec   +            q - +6 ring of intelligence
rCorr   +            A - +5 ring of evasion
SInv    .            F - ring of wizardry
Will    +....        (no ring)
Stlth   ++++         (no ring)
HPRegen 0.44/turn    (no ring)
MPRegen 0.16/turn    (no ring)
                     (no ring)

%: reflection, wizardry (x1)
@: mighty, tree-form, resistant, gold aura, lightly drained
A: stationary, stasis, torment immunity, boosted hp, almost no armour,
(amphibious), 8 rings, (camouflage 1), (gelatinous body 1), (nimble swimmer 1),
(tentacles)
a: End Transformation, Renounce Religion, Potion Petition, Call Merchant, Bribe
Branch


You were on level 1 of the Orcish Mines.
You worshipped Gozag.
Gozag was pleased with you.
You were a tree.
You visited 4 branches of the dungeon, and saw 18 of its levels.

You collected 3808 gold pieces.
You spent 1171 gold pieces at shops.
You paid 2136 gold pieces to Gozag.

Inventory:

Hand Weapons
 a - a +3 dagger of protection (weapon)
Missiles
 f - 82 stones (quivered)
 w - 4 throwing nets
 L - 15 poisoned darts
 P - 2 silver javelins
Jewellery
 q - a +6 ring of intelligence (left branch)
 A - a +5 ring of evasion (right branch)
 F - a ring of wizardry (on tentacle)
 K - the amulet "Ziopoeh" (around neck) {Reflect Str+4 Int+3 Slay+2 SH+5}
   (You bought it in a shop on level 9 of the Dungeon)

   [amulet of reflection]

   Reflect:   It reflects blocked missile attacks.
   Str+4:     It affects your strength (+4).
   Int+3:     It affects your intelligence (+3).
   Slay+2:    It affects your accuracy & damage with ranged weapons and melee
   (+2).
   SH+5:      It affects your SH (+5).
 Q - an amulet of guardian spirit
Talismans
 b - a beast talisman
 c - a flux talisman (active)
 N - a serpent talisman
 O - a blade talisman
Wands
 t - a wand of polymorph (14)
 u - a wand of flame (31)
 I - a wand of digging (5)
 M - a wand of iceblast (1)
 R - a wand of quicksilver (7)
 T - a wand of charming (6)
Scrolls
 d - 2 scrolls of immolation
 e - 2 scrolls of teleportation
 g - a scroll of fear {unknown}
 i - a scroll of noise
 k - 5 scrolls of vulnerability
 m - 2 scrolls of enchant weapon
 s - a scroll of brand weapon
 y - 2 scrolls of revelation
 z - 5 scrolls of enchant armour
 E - a scroll of torment {unknown}
 G - a scroll of fog {unknown}
 J - a scroll of silence {unknown}
Potions
 h - 3 potions of curing
 j - 2 potions of brilliance
 l - 3 potions of resistance
 n - 2 potions of haste
 p - 2 potions of lignification
 r - a potion of berserk rage
 v - 4 potions of mutation
 x - 2 potions of invisibility
 B - a potion of attraction
 C - 5 potions of degeneration
 D - 2 potions of magic
 S - a potion of cancellation {unknown}
Miscellaneous
 H - a condenser vane


   Skills:
 + Level 11.7 Fighting
 + Level 11.9 Dodging
 - Level 8.0 Stealth
 + Level 12.1 Unarmed Combat
 + Level 3.4 Spellcasting
 - Level 6.0 Translocations
 + Level 9.6 Shapeshifting


You had 15 spell levels left.
You knew the following spells:

 Your Spells              Type           Power      Damage    Failure   Level
a - Manifold Assault      Tloc           28%        N/A       4%          4

Your spell library contained the following spells:

 Spells                   Type           Power      Damage    Failure   Level
 Apportation              Tloc           56%        N/A       1%          1
 Blink                    Tloc           56%        N/A       1%          2
 Lesser Beckoning         Tloc           56%        N/A       1%          2
 Momentum Strike          Conj/Tloc      32%        3d8       2%          2
 Volatile Blastmotes      Fire/Tloc      32%        2d12      4%          3
 Necrotise                Necr           12%        1d4       5%          1
 Slow                     Hex            12%        N/A       5%          1
 Sting                    Conj/Alch      12%        1d3       5%          1
 Summon Small Mammal      Summ           12%        N/A       5%          1
 Ensorcelled Hibernation  Hex/Ice        6%         N/A       8%          2
 Jinxbite                 Hex            6%         N/A       8%          2
 Mercury Vapours          Alch/Air       6%         N/A       8%          2
 Confusing Touch          Hex            3%         N/A       16%         3
 Frozen Ramparts          Ice            6%         1d1       16%         3
 Fugue of the Fallen      Necr           3%         N/A       16%         3
 Ozocubu's Armour         Ice            3%         N/A       16%         3
 Passwall                 Erth           3%         N/A       16%         3
 Sigil of Binding         Hex            3%         N/A       16%         3
 Swiftness                Air            3%         N/A       16%         3
 Vampiric Draining        Necr           3%         2d6       16%         3
 Iskenderun's Mystic Bla  Conj/Tloc      16%        2d5       16%         4
 Fulminant Prism          Conj/Alch      1%         3d5       43%         4
 Ignite Poison            Fire/Alch      3%         N/A       43%         4
 Leda's Liquefaction      Alch/Erth      1%         N/A       43%         4
 Olgreb's Toxic Radiance  Alch           3%         N/A       43%         4
 Petrify                  Alch/Erth      3%         N/A       43%         4
 Sticky Flame             Fire/Alch      3%         2d4       43%         4
 Alistair's Intoxication  Alch           2%         N/A       77%         5
 Metabolic Englaciation   Hex/Ice        1%         N/A       77%         5
 Yara's Violent Unravell  Hex/Alch       1%         3d3       77%         5
 Enfeeble                 Hex            1%         N/A       100%        7
 Ignition                 Fire           1%         3d3       100%        8


Dungeon Overview and Level Annotations

Branches:
Dungeon (11/15)            Temple (1/1) D:5            Lair (5/5) D:11
  Swamp (0/4) Lair:2       Spider (0/4) Lair:3        Slime (0/5) Lair:4
    Orc (1/2) D:11

Altars:
Ashenzari
Cheibriados
Dithmenos
Elyvilon
Fedhas
Gozag
Hepliaklqana
Kikubaaqudgha
Makhleb
Nemelex Xobeh
Okawaru
Qazlal
Ru
Sif Muna
Trog
Uskayaw
Vehumet
Wu Jian
Xom
Yredelemnul
Zin
The Shining One
Beogh

Shops:
D:4 =(((   D:9 *?[=

Annotations:
D:2 Sigmund
D:4 Edmund
D:5 Menkaure
D:8 exclusions: oklob plant and two-headed ogre
D:11 Joseph
Lair:2 Fannar
Lair:3 exclusions: elephant and hydra
Lair:4 exclusion: 3 oklob plants
Lair:5 3 runed translucent doors, Ikimono's ghost, journeyman OnGl; Oneirical's ghost, journeyman FeWr; audacious124's ghost, journeyman MDMo


Innate Abilities, Weirdness & Mutations

You are a tree.
Your roots penetrate the ground, keeping you stationary.
You cannot be teleported.
You are immune to unholy pain and torment.
Your maximum health is greatly increased.
You cannot wear most types of armour.
((You are amphibious.))
You can wear up to eight rings at the same time.
((Your skin changes colour to match your surroundings (Stealth+).))
((Your rubbery body absorbs attacks. (AC +1, EV +1)))
((You are camouflaged when in or above water. (Stealth+)))
((You have tentacles for arms and can constrict up to eight enemies at once.))


Message History

[c] - 510 gold - lignification, might and resistance Purchase which effect?
You no longer have enough gold to fund merchants seeking to open stores in the dungeon.
Your transformation has ended.
Your +3 dagger of protection unmelds from your body.
Your +3 dagger of protection hums with potential!
You turn into a tree.
Your roots penetrate the ground.
You feel very mighty all of a sudden.
You feel protected. The warg bites you but does no damage.
You completely miss the warg. The warg bites you but does no damage.
The orc sorcerer is distracted by your dazzling golden aura.
The smoke demon gestures at you. Something smites you!
* * * LOW HITPOINT WARNING * * *
The warg bites you but does no damage.
The orc sorcerer shouts!
You puncture the warg!
Your weapon exudes an aura of protection.
The warg is moderately wounded.
The warg bites you!
* * * LOW HITPOINT WARNING * * *
The smoke demon gestures at you. Something smites you!
* * * LOW HITPOINT WARNING * * *
You block the soul eater's attack.
You feel better. The warg bites you but does no damage.
You block the warg's attack.
The soul eater hits you but does no damage.
You closely miss the warg.
The warg is moderately wounded.
The warg bites you.
* * * LOW HITPOINT WARNING * * *
The smoke demon gestures at you. Something smites you!
* * * LOW HITPOINT WARNING * * *
The soul eater hits you!
* * * LOW HITPOINT WARNING * * *
You feel drained.
You die...
Your body crumbles into a pile of gold.

### ##.#### ##
#...#.###.## .#
####.....#...## ..#.
##.#.....#.....#
....##.........#.#.###
#....##.........#....##.#
#...##..)..#♣...........
##...#....o3hoW...#....
##........)o).....## #.#
#...........#...#.#...#
##.##.#..3...#.....#.#
##..................
##....#.....#$.....
#.##.......#.#......
#.o.##..........$....


You could see a soul eater (summoned), a smoke demon (summoned), a wraith, a
warg, an orc sorcerer, an orc warrior and an orc wizard.

Vanquished Creatures
  3 hydras
  A boulder beetle (Lair:1)
  Urug (Lair:2)
  An orc high priest (Orc:1)
  Amaemon (Lair:3)
  2 bog bodies (Lair:1)
  An ugly thing (D:11)
  3 cyclopes (D:11)
  9 elephants
  A torpor snail (Lair:4)
  An orange demon (Lair:2)
  3 black mambas (Lair:3)
  5 cane toads
  3 rime drakes
  8 komodo dragons
  A kobold demonologist (D:11)
  An unseen horror (D:11)
  5 polar bears (Lair:1)
  A hornet (D:9)
  Grinder (D:4)
  21 blink frogs
  5 dream sheep (Lair:3)
  5 culicivoras (Lair:3)
  3 shadows
  4 wyverns
  41 yaks
  Eustachio (D:5)
  2 basilisks
  2 wraiths
  A hog (Lair:5)
  3 steam dragons
  3 vampire mosquitoes (D:11)
  9 water moccasins
  A sky beast (D:7)
  9 orc warriors
  An ice beast (D:6)
  An ogre (D:7)
  6 black bears
  24 wolves
  3 centaurs
  2 phantoms
  Blork the orc (D:5)
  2 gnoll sergeants
  A scorpion (D:6)
  10 bullfrogs
  4 wights (D:5)
  3 killer bees (D:8)
  10 howler monkeys
  An electric eel (Lair:4)
  5 bombardier beetles
  5 hounds
  3 jellies
  11 orc priests
  2 iguanas (D:6)
  2 sleepcaps
  16 orc wizards
  7 gnolls
  9 adders
  A shadow imp (D:6)
  2 white imps (D:6)
  A dart slug (D:5)
  A ribbon worm (D:4)
  55 orcs
  4 ball pythons
  7 bats
  6 endoplasms
  4 giant cockroaches
  3 goblins
  6 hobgoblins
  10 jackals
  4 quokkas
  7 kobolds
  A rat (D:2)
403 creatures vanquished.

Notes
Turn   | Place    | Note
-------+----------+-------------------------------------------
     0 | D:1      | Ceno the Octopode Shapeshifter began the quest for the Orb.
     0 | D:1      | Reached XP level 1. HP: 13/13 MP: 1/1
   135 | D:1      | Reached XP level 2. HP: 18/18 MP: 2/2
   239 | D:1      | Reached XP level 3. HP: 23/23 MP: 3/3
   616 | D:2      | Reached XP level 4. HP: 15/29 MP: 4/4
   853 | D:2      | Noticed Sigmund
  1394 | D:3      | Reached XP level 5. HP: 32/35 MP: 5/5
  1587 | D:3      | Found a white marble altar of Elyvilon.
  1636 | D:3      | Became a worshipper of Elyvilon the Healer
  1649 | D:3      | Reached skill level 4 in Unarmed Combat
  2021 | D:3      | Reached XP level 6. HP: 29/42 MP: 6/6
  2171 | D:4      | Found Misep's Jewellery Emporium.
  2171 | D:4      | Found Wezit's Antique Weapon Shoppe.
  2225 | D:4      | Noticed Edmund
  2285 | D:4      | Reached * piety under Elyvilon
  2426 | D:4      | Noticed Grinder
  2547 | D:4      | Paralysed by Grinder for 5 turns
  2557 | D:4      | Killed Grinder
  2558 | D:4      | Reached XP level 7. HP: 15/47 MP: 7/7
  2948 | D:4      | Found Diterph's Antique Weapon Emporium.
  3039 | D:4      | Found Feotakit's Weapon Emporium.
  3192 | D:5      | Entered Level 5 of the Dungeon
  3192 | D:5      | Noticed Eustachio
  3202 | D:5      | Killed Eustachio
  3203 | D:5      | Reached skill level 5 in Unarmed Combat
  3319 | D:5      | Noticed Blork the orc
  3520 | D:5      | Killed Blork the orc
  3521 | D:5      | Reached XP level 8. HP: 52/54 MP: 8/8
  3594 | D:5      | Noticed Menkaure
  3660 | D:5      | Reached skill level 5 in Shapeshifting
  3801 | D:5      | Reached skill level 5 in Dodging
  4038 | D:5      | Reached skill level 5 in Fighting
  4439 | D:5      | Reached skill level 6 in Unarmed Combat
  4601 | D:5      | Found a staircase to the Ecumenical Temple.
  4609 | Temple   | Entered the Ecumenical Temple
  4618 | Temple   | Fell from the grace of Elyvilon
  4618 | Temple   | Became a worshipper of Gozag Ym Sagoz the Greedy
  4892 | D:5      | Identified the +0 pair of boots of the Hills {rPois Str+4
                  | Dex+2}
  5358 | D:6      | Found a bloodstained altar of Trog.
  5382 | D:5      | Reached XP level 9. HP: 21/54 MP: 9/9
  6496 | D:7      | Reached skill level 7 in Unarmed Combat
  7704 | D:8      | Found a broken altar of Ashenzari.
  7705 | D:8      | Found an ancient bone altar of Kikubaaqudgha.
  7714 | D:8      | Found a sacrificial altar of Ru.
  7718 | D:8      | Found a burning altar of Makhleb.
  8029 | D:8      | Found a shimmering altar of Xom.
  8109 | D:8      | Found a blossoming altar of Fedhas.
  8120 | D:8      | Noticed an oklob plant
  8174 | D:8      | Noticed a two-headed ogre
  8203 | D:8      | Reached XP level 10. HP: 69/69 MP: 10/10
  8546 | D:9      | Reached skill level 1 in Stealth
  8905 | D:9      | Reached skill level 8 in Unarmed Combat
  9246 | D:9      | Found Ucyi's Armour Shop.
  9324 | D:9      | Found Baaxka's Magic Scroll Shoppe.
  9476 | D:9      | Found Qiazouj's Assorted Antiques.
  9845 | D:10     | Entered Level 10 of the Dungeon
  9961 | D:9      | Reached skill level 5 in Stealth
 10862 | D:10     | Reached XP level 11. HP: 69/77 MP: 11/11
 10933 | D:10     | Noticed a two-headed ogre
 11095 | D:11     | Noticed Joseph
 11377 | D:11     | Reached skill level 9 in Unarmed Combat
 11453 | D:11     | Found a roughly hewn altar of Beogh.
 11453 | D:11     | Found a staircase to the Orcish Mines.
 11804 | D:11     | Noticed a white ugly thing
 11925 | D:10     | Identified the +6 falchion "Lannod" {flame, rC+}
 12317 | D:9      | Found Sumethrye's Jewellery Boutique.
 12321 | D:9      | Bought the amulet "Ziopoeh" {Reflect Str+4 Int+3 Slay+2
                  | SH+5} for 781 gold pieces
 12736 | D:11     | Found a staircase to the Lair.
 12908 | Lair:1   | Entered Level 1 of the Lair of Beasts
 14048 | Lair:1   | Noticed a boulder beetle
 14061 | Lair:1   | Killed a boulder beetle
 14295 | Lair:1   | Reached skill level 1 in Translocations
 14706 | Lair:1   | Reached skill level 10 in Unarmed Combat
 14865 | D:9      | Bought a serpent talisman for 390 gold pieces
 15154 | Lair:2   | Noticed a bog body
 15171 | Lair:2   | Noticed Fannar
 15215 | Lair:2   | Reached XP level 12. HP: 86/86 MP: 12/12
 15483 | Lair:2   | Noticed a five-headed hydra
 15561 | Lair:2   | Found a staircase to the Swamp.
 15585 | Lair:1   | Reached skill level 10 in Dodging
 16042 | Lair:2   | Reached skill level 10 in Fighting
 16132 | Lair:2   | Noticed Urug
 16230 | Lair:2   | Killed Urug
 16753 | Lair:2   | Killed a five-headed hydra
 17293 | Lair:3   | Noticed a seven-headed hydra
 17466 | Lair:3   | Killed a seven-headed hydra
 17525 | Lair:3   | Reached skill level 11 in Unarmed Combat
 17640 | Lair:3   | Reached skill level 5 in Translocations
 17735 | Lair:3   | Reached XP level 13. HP: 72/93 MP: 13/13
 17798 | Lair:3   | Learned a level 4 spell: Manifold Assault
 17829 | Lair:3   | Noticed Amaemon
 18364 | Lair:3   | Killed Amaemon
 18751 | Lair:3   | Found a hole to the Spider Nest.
 18909 | Lair:3   | Identified the +4 trident of the Slime-mould {chaos, Fly
                  | Will+ Int-5 Dex+2}
 19980 | Lair:4   | Reached skill level 1 in Spellcasting
 20253 | Lair:4   | Found a staircase to the Slime Pits.
 21095 | Lair:5   | Entered Level 5 of the Lair of Beasts
 21615 | Lair:5   | Found a runed translucent gate.
 21615 | Lair:5   | Found a runed translucent gate.
 21619 | Lair:5   | Found a runed translucent gate.
 21623 | Lair:5   | Noticed Ikimono's ghost (journeyman OnGl)
 21623 | Lair:5   | Noticed audacious124's ghost (journeyman MDMo)
 21624 | Lair:5   | Noticed Oneirical's ghost (journeyman FeWr)
 22958 | D:11     | Reached skill level 12 in Unarmed Combat
 23347 | D:11     | Reached XP level 14. HP: 101/101 MP: 18/18
 23825 | Orc:1    | Entered Level 1 of the Orcish Mines
 23981 | Orc:1    | Paralysed by an orc sorcerer for 5 turns
 24001 | Orc:1    | HP: 2/153 [soul eater[an orc high priest] (13)]
 24001 | Orc:1    | Slain by a soul eater

Illustrated notes

Levels and vault maps discovered:
D:1:      matt_arrival_los_fun, layout_rooms
D:2:      layout_loops_cross, corexii_corridor_pit, uniq_sigmund
D:3:      layout_loops_ring, mainiacjoe_overflow_boulevard, cheibrodos_gnoll_hut
D:4:      layout_basic, serial_shops, nicolae_shop_tiny_statue_garden,
          nicolae_shop_back_alley_shop, shop,
          lightli_ossuary_entry_decrepit_ruins, minivault_1,
          nicolae_stop_n_shop_1, hangedman_decor_peaks_small, uniq_grinder,
          uniq_edmund
D:5:      layout_cave_pods, minmay_temple_entry_offerings, uniq_menkaure,
          uniq_blork_the_orc, uniq_eustachio
D:6:      minmay_spotlight, layout_basic, trog_three_pillars_becter,
          dk_rats_in_the_wall
D:7:      layout_loops_ring
D:8:      layout_loops_cross, brannock_xom_greatest_gift, tgw_fedhas,
          nicolae_overflow_macrodata_refinement
D:9:      layout_basic, serial_shops, nicolae_shop_hallway_plus, shop,
          nicolae_stop_n_shop_1, shop, nicolae_fountain_basement
D:10:     layout_basic
D:11:     layout_irregular_city, erik_lair_orcish_takeover, david_orc_5,
          minmay_sticks_and_stones
Temple:   eino_temple_lava
Lair:1:   beast_lair_carwin_large_1, layout_chaotic_city, grunt_megastairs_3,
          lemuel_fruit_tree
Lair:2:   layout_cellular_growth, skrybe_swamp_entry_bodies,
          gauntlet_entry_generic, st_stairs_4, grunt_megastairs_1, uniq_fannar,
          uniq_urug
Lair:3:   layout_gridlike, hellmonk_spider_entry_life_and_decay,
          beast_lair_carwin_3, grunt_megastairs_2, uniq_amaemon
Lair:4:   layout_gridlike, minmay_slime_entry_oklob_open,
          infiniplex_staircase_pool_2, serial_bayou_shore_a, grunt_megastairs_4,
          serial_bayou_shore_b
Lair:5:   hellmonk_lair_end_abyssal_woods, layout_loops_ring,
          gammafunk_ghost_cemetery, uniq_kirke
Orc:1:    layout_caves, uniq_josephine, uniq_jorgrun, uniq_harold

Skill      XL: |  1  2  3  4  5  6  7  8  9 10 11 12 13 |
---------------+----------------------------------------+-----
Fighting       | 2 3 4 5 6 8 9 10 11 | 11.7
Dodging        | 3 4 5 7 8 9 10 11 | 11.9
Unarmed Combat | 4 5 6 7 8 10 11 12 | 12.1
Shapeshifting  | 4 5 7 8 9 |  9.6
Stealth        | 6 8 |  8.0
Translocations | 2 5 6 |  6.0
Spellcasting   | 3 |  3.4

Action                     |  1- 3 |  4- 6 |  7- 9 | 10-12 | 13-15 || total
---------------------------+-------+-------+-------+-------+-------++-------
  Melee: Unarmed           |    48 |    44 |       |   587 |   375 ||  1054
         Constrict         |    11 |    29 |    64 |    98 |    52 ||   254
         Tentacles         |     7 |    26 |    81 |   193 |   115 ||   422
         Punch             |     2 |       |       |       |       ||     2
         Dagger            |       |    75 |   295 |     3 |     3 ||   376
  Throw: Stone             |       |     3 |    26 |       |       ||    29
   Cast: Manifold Assault  |       |       |       |       |    30 ||    30
 Invoke: Potion Petition   |       |       |       |     2 |     3 ||     5
  Evoke: Wand              |       |       |     5 |     3 |       ||     8
         Condenser vane    |       |       |       |     1 |       ||     1
    Use: Scroll            |       |     4 |     6 |     2 |     7 ||    19
         Potion            |       |       |       |     1 |     3 ||     4
   Stab: Sleeping          |     4 |    10 |     5 |     2 |     1 ||    22
         Distracted        |       |       |       |     3 |     2 ||     5
 Armour: Skin              |    24 |    56 |   144 |   134 |   100 ||   458
  Dodge: Dodged            |    26 |    53 |   207 |   487 |   304 ||  1077
  Block: Other             |       |       |       |    76 |    64 ||   140
   Form: Flux              |       |       |       |     1 |       ||     1

Table legend: (Time is in decaauts)
 A = Elapsed time spent in this place.
 B = Non-inter-level travel time spent in this place.
 C = Inter-level travel time spent in this place.
 D = Time resting spent in this place.
 E = Time spent auto-exploring this place.
 F = Levels seen in this place.
 G = Mean time per level.
                   A        B        C        D        E       F      G
               +--------+--------+--------+--------+--------+-----+--------+
         Total |  23874 |  22030 |   1844 |   5744 |  10100 |  18 | 1326.3 |
       Dungeon |  15098 |  13649 |   1449 |   2812 |   7060 |  11 | 1372.5 |
        Temple |     18 |     10 |      8 |      0 |      0 |   1 |   18.0 |
          Lair |   8585 |   8198 |    387 |   2841 |   3034 |   5 | 1717.0 |
  Orcish Mines |    172 |    172 |      0 |     90 |      6 |   1 |  172.0 |
               +--------+--------+--------+--------+--------+-----+--------+

Top non-repeatable levels by time:
  Lair:1: 2468 daAuts
  Lair:3: 2177 daAuts
     D:5: 2085 daAuts
    D:10: 1935 daAuts
  Lair:2: 1932 daAuts
     D:9: 1873 daAuts
    D:11: 1668 daAuts
  Lair:4: 1479 daAuts
     D:6: 1374 daAuts
     D:8: 1367 daAuts
     D:3: 1274 daAuts
     D:7: 1097 daAuts
     D:2: 940 daAuts
     D:4: 848 daAuts
     D:1: 631 daAuts
